 Dungeon Crawl Stone Soup version 0.26-a0-649-gf8c6c3aab7 (webtiles) character file.

Game seed: 17313374742795550468

224902 oldriver the Peltast (level 19, -4/130 HPs)
             Began as a Gargoyle Fighter on Sept 28, 2020.
             Was the Champion of Qazlal.
             Slain by an imperial myrmidon
             ... wielding a +0 double sword
              (11 damage)
             ... on level 3 of the Vaults.
             The game lasted 01:01:05 (33291 turns).

oldriver the Peltast (Gargoyle Fighter)            Turns: 33291, Time: 01:01:06

Health: -4/130     AC: 49    Str: 20    XL:     19   Next: 31%
Magic:  21/21      EV: 10    Int: 11    God:    Qazlal [******]
Gold:   1190       SH:  0    Dex: 24    Spells: 18/18 levels left

rFire    . . .     SeeInvis .   X - +8 whip "Snakebite" {curare, rPois}
rCold    + + .     Faith    .   c - +0 kite shield
rNeg     + . .     Spirit   .   A - +6 plate armour of Mumblety Peg {MR+ Dex+6 Stlth+}
rPois    ∞         Reflect  .   E - +2 helmet
rElec    +         Harm     .   x - scarf {+Inv}
rCorr    .         Rampage  .   T - +2 pair of gloves {Dex+3}
MR       +....                  a - +2 pair of boots
Stlth    ..........             t - amulet of regeneration
HPRegen  0.71/turn              p - ring of protection from cold
MPRegen  0.17/turn              D - ring of protection from cold

@: confused, vulnerable, protected from physical damage, flying, lightly
drained, repel missiles
A: big wings, negative energy resistance 1, electricity resistance, unbreathing,
petrification resistance, rot immunity, AC +14
}: 1/15 runes: barnacled
a: Stop Flying, Upheaval, Elemental Force, Disaster Area, Renounce Religion,
Evoke Invisibility


You were on level 3 of the Vaults.
You worshipped Qazlal.
Qazlal was exalted by your worship.
You visited 8 branches of the dungeon, and saw 34 of its levels.
You also visited: Ice Cave and Desolation.

You collected 3076 gold pieces.
You spent 1886 gold pieces at shops.

Inventory:

Hand Weapons
 G - the +6 morningstar "Zycez Age" {freeze, rPois, unknown}
   (You found it in the Desolation of Salt)

   It has been specially enchanted to freeze those struck by it, causing extra
   injury to most foes and up to half again as much damage against particularly
   susceptible opponents.
   It can also slow down cold-blooded creatures.
   It protects you from poison.
 J - the +9 morningstar of Intimidation {vorpal, Dex+6, unknown}
   (You found it in the Desolation of Salt)

   It inflicts extra damage upon your enemies.
   It affects your dexterity (+6).
 X - the +8 whip "Snakebite" (weapon) {curare, rPois}
   (You found it on level 4 of the Lair of Beasts)

   It poisons the flesh of those it strikes.
   It protects you from poison.
Armour
 a - a +2 pair of boots (worn)
 c - a +0 kite shield (worn)
 x - a scarf of invisibility (worn)
 A - the +6 plate armour of Mumblety Peg (worn) {MR+ Dex+6 Stlth+}
   (You bought it in a shop on level 1 of the Orcish Mines)

   It affects your dexterity (+6).
   It affects your resistance to hostile enchantments.
   It makes you more stealthy.
 E - a +2 helmet (worn)
 T - a +2 pair of gloves of dexterity (worn)
Jewellery
 p - a ring of protection from cold (left hand)
 q - the ring of Utuemynt {*Tele rElec rN+ Dex+4, unknown}
   (You found it in the Desolation of Salt)

   [ring of teleportation]

   It may teleport you next to monsters.
   It affects your dexterity (+4).
   It insulates you from electricity.
   It protects you from negative energy.
 t - an amulet of regeneration (around neck)
 w - an uncursed amulet of guardian spirit
 D - a ring of protection from cold (right hand)
 P - an uncursed ring of ice
 Q - the ring of Geessuph {*Drain MP+9 Int+5, unknown}
   (You found it in the Desolation of Salt)

   [ring of magical power]

   It affects your intelligence (+5).
   It affects your magic capacity (+9).
   It causes draining when unequipped.
 S - an uncursed ring of protection from magic
 V - an uncursed ring of fire
 Y - a +6 ring of strength
Wands
 u - a wand of digging (10)
 y - a wand of enslavement (13)
 F - a wand of flame (30)
 H - a wand of disintegration (26)
 I - a wand of paralysis (27)
 O - a wand of iceblast (39)
 U - a wand of random effects (41)
Scrolls
 g - 27 scrolls of identify
 k - 2 scrolls of summoning
 l - 11 scrolls of magic mapping
 n - 10 scrolls of teleportation
 o - 15 scrolls of remove curse
 C - a scroll of fog
 L - 9 scrolls of enchant weapon
 R - 3 scrolls of amnesia
 W - 2 scrolls of enchant armour
 Z - 2 scrolls of holy word
Potions
 b - 6 potions of mutation {unknown}
 d - 5 potions of might
 e - a potion of ambrosia {unknown}
 f - 2 potions of cancellation
 h - 4 potions of brilliance
 i - 6 potions of stabbing
 j - 4 potions of lignification
 m - 13 potions of curing
 r - a potion of heal wounds
 s - a potion of invisibility {unknown}
 v - 5 potions of haste {unknown}
 z - 5 potions of degeneration {unknown}
 B - 4 potions of resistance
 K - 2 potions of magic {unknown}
 M - 3 potions of berserk rage {unknown}
 N - a potion of experience {unknown}


   Skills:
 * Level 17.9(17.5) Fighting
 * Level 18.5(18.1) Maces & Flails
 + Level 11.7(11.4) Armour
 + Level 5.2(4.9) Dodging
 + Level 2.4(2.1) Stealth
 + Level 19.9(19.5) Shields
 * Level 3.3(3.1) Invocations
 + Level 0.3(0.1) Evocations


You had 18 spell levels left.
You didn't know any spells.
Your spell library contained the following spells:

 Spells                   Type           Power        Failure   Level
 Animate Skeleton         Necr           #.....       99%         1
 Apportation              Tloc           #.....       99%         1
 Corona                   Hex            #......      99%         1
 Foxfire                  Conj/Fire      #...         99%         1
 Freeze                   Ice            #...         99%         1
 Magic Dart               Conj           #...         99%         1
 Sandblast                Erth           #.....       99%         1
 Summon Small Mammal      Summ           #...         99%         1
 Blink                    Tloc           N/A          100%        2
 Ensorcelled Hibernation  Hex/Ice        #.....       100%        2
 Passwall                 Tmut/Erth      #.......     100%        2
 Searing Ray              Conj           #.....       100%        2
 Confusing Touch          Hex            #.......     100%        3
 Conjure Flame            Conj/Fire      #.......     100%        3
 Dazzling Flash           Conj/Hex       #.....       100%        3
 Frozen Ramparts          Ice            #.....       100%        3
 Gell's Gravitas          Tloc           #.........   100%        3
 Ignite Poison            Fire/Tmut/Pois #.......     100%        3
 Inner Flame              Hex/Fire       #.......     100%        3
 Lesser Beckoning         Tloc           #.........   100%        3
 Ozocubu's Armour         Ice            #.......     100%        3
 Stone Arrow              Conj/Erth      #.....       100%        3
 Teleport Other           Tloc           #.......     100%        3
 Tukima's Dance           Hex            #.......     100%        3
 Fulminant Prism          Conj/Hex       #.........   100%        4
 Hailstorm                Conj/Ice       #.......     100%        4
 Iskenderun's Mystic Bla  Conj/Tloc      #.......     100%        4
 Passage of Golubria      Tloc           N/A          100%        4
 Petrify                  Tmut/Erth      #.......     100%        4
 Sticky Flame             Conj/Fire      #.......     100%        4
 Summon Ice Beast         Ice/Summ       #.......     100%        4
 Bolt of Magma            Conj/Fire/Erth #.........   100%        5
 Fireball                 Conj/Fire      #.........   100%        5
 Iskenderun's Battlesphe  Conj           #.......     100%        5
 Lee's Rapid Deconstruct  Erth           #.........   100%        5
 Metabolic Englaciation   Hex/Ice        #.........   100%        5
 Yara's Violent Unravell  Hex/Tmut       #.........   100%        5
 Iron Shot                Conj/Erth      #.........   100%        6
 Starburst                Conj/Fire      #.........   100%        6
 Orb of Destruction       Conj           #.........   100%        7
 Spellforged Servitor     Conj/Summ      #.........   100%        7
 Ignition                 Fire           #.........   100%        8


Dungeon Overview and Level Annotations

Branches:
Dungeon (15/15)            Temple (1/1) D:4            Lair (6/6) D:11
 Shoals (4/4) Lair:3        Snake (2/4) Lair:3        Slime (0/5) Lair:5
    Orc (2/2) D:9             Elf (0/3) Orc:2        Vaults (3/5) D:13
  Crypt (0/3) Vaults:3     Depths (1/5) D:15          IceCv (visited)
Desolation (visited)

Altars:
Ashenzari
Cheibriados
Dithmenos
Elyvilon
Fedhas
Gozag
Hepliaklqana
Kikubaaqudgha
Makhleb
Nemelex Xobeh
Okawaru
Qazlal
Ru
Sif Muna
Trog
Uskayaw
Vehumet
Wu Jian
Xom
Yredelemnul
Zin
The Shining One
Beogh
Jiyva

Shops:
D:9 [[:**   Orc:1 [   Orc:2 =*(*   Shoals:3 [   Snake:1 !

Annotations:
D:11 1 runed translucent door, djmy96's ghost, novice FoFi
Shoals:1 exclusion: oklob plant


Innate Abilities, Weirdness & Mutations

You are resistant to torment.
Your stone body is resilient. (AC +14)
You are immune to poison.
Your large and strong wings let you fly indefinitely.
You resist negative energy. (rN+)
You are resistant to electric shocks. (rElec)
You can survive without breathing.
You are immune to petrification.
You are immune to rotting.


Message History

* * * LOW HITPOINT WARNING * * *
You feel more protected from physical attacks.
The halazid warlock touches you but does no damage.
The imperial myrmidon barely misses you.
Unknown command.
You're too confused!
You feel much better.
The peacekeeper no longer looks unusually strong.
The peacekeeper bites you but does no damage.
The peacekeeper claws you.
* * * LOW HITPOINT WARNING * * *
You feel more protected from physical attacks.
The peacekeeper bites you!
* * * LOW HITPOINT WARNING * * *
The peacekeeper claws you but does no damage.
The saltling barely misses you.
The saltling hits you but does no damage.
The saltling barely misses you.
The imperial myrmidon hits you with a +0 double sword!
You die...

*##......* *,,,,,,*,,,
*........# *,,>,,,*,,,
*,#......#####,,,,,,*,,,
*,,..........#,,,,,,****
*,,##........#,,,,,,*,,*
*..#....#..#.#,,,,,,*,,,
*....○.§°○.#.#,,,,,,+,,,
**..##p88###.#****+*****
*,,,#8@8#...# *,,,,,,*
*,**#○8L###.# *,,,,,,*
*,*....☼○.#.# *,,,,,,*
*,#..###..#.#* *,,,,,,*
*,###*,*###..***,,,,,,*
**,,,,,,,,...,,,,,,,,,+
*,,,,,,,,...**********
************* * *


You could see an imperial myrmidon, a halazid warlock, 2 peacekeepers and 3
saltlings.

Vanquished Creatures
  Kirke (Snake:1)
  Polyphemus (Shoals:4)
  Roxanne (Snake:1)
  Ilsuiw (Shoals:3)
  An imperial myrmidon (Desolation)
  A ghoul (Vaults:1)
  5 vault wardens
  5 ironheart preservers
  3 very ugly things (Vaults:2)
  Nessos (D:12)
  6 stone giants
  Snorg (D:12)
  A jiangshi (Vaults:3)
  5 merfolk javelineers
  Josephine (Orc:2)
  9 merfolk impalers
  A ragged hierophant (Desolation)
  A fire dragon (Lair:6)
  7 ogre magi
  A rakshasa (Vaults:1)
  Fannar (D:12)
  Erolcha (D:10)
  A yaktaur captain (Vaults:2)
  An ice dragon (Vaults:3)
  A great orb of eyes (Vaults:3)
  5 hydras
  4 naga warriors (Snake:1)
  2 vault guards (Vaults:1)
  Harold (D:10)
  2 merfolk avatars (Shoals:4)
  6 centaur warriors
  6 anacondas
  3 satyrs
  2 merfolk aquamancers (Shoals:4)
  21 two-headed ogres
  A catoblepas (Shoals:4)
  11 death yaks
  2 deep troll shamans
  2 death knights (Vaults:1)
  4 shock serpents
  A deep troll earth mage (Vaults:3)
  2 tengu warriors
  2 naga sharpshooters
  Nergalle (D:11)
  Sonja (Lair:4)
  A fire crab (Lair:6)
  A hell knight (Vaults:3)
  2 skeletal warriors
  A glowing orange brain (Vaults:1)
  4 sea snakes (Shoals:4)
  2 unseen horrors
  A golden dragon zombie (D:15)
  2 flayed ghosts
  A kraken simulacrum (Shoals:4)
  9 deep trolls
  3 wizards
  A naga ritualist (Snake:2)
  3 ironbrand convokers (Vaults:1)
  2 necromancers
  2 phantasmal warriors (Vaults:1)
  3 mana vipers
  A harpy (shapeshifter) (Vaults:1)
  19 harpies
  4 orc knights
  An oklob plant (Lair:6)
  6 cyclopes
  A frost giant zombie (D:15)
  12 fauns
  A wolf spider (Vaults:1)
  9 manticores
  A salamander (Snake:1)
  An orc sorcerer (Orc:2)
  26 ugly things
  4 elephants
  An ice statue (IceCv)
  Maurice (D:12)
  6 merfolk sirens
  4 water nymphs
  7 vault sentinels
  2 guardian serpents
  A torpor snail (Lair:3)
  A water nymph (shapeshifter) (Vaults:2)
  3 centaur zombies
  3 molten gargoyles (Lair:6)
  28 black mambas
  2 gargoyles
  8 cane toads
  Maggie (D:10)
  3 efreet
  3 kobold demonologists
  10 yaktaurs
  A yaktaur zombie (D:15)
  15 freezing wraiths
  2 rime drakes
  7 komodo dragons
  A yaktaur (shapeshifter) (D:15)
  A tengu conjurer (D:15)
  6 meliai
  25 merfolk
  2 polar bears
  2 wind drakes
  A queen bee (shapeshifter) (Vaults:2)
  6 trolls
  4 saltlings (Desolation)
  15 blink frogs
  11 dream sheep
  2 snapping turtles (Shoals:1)
  A hornet (Vaults:2)
  A wolf spider simulacrum (IceCv)
  6 slime creatures
  10 hippogriffs
  10 wraiths
  3 shadows
  3 water elementals (Shoals:4)
  A vampire (D:15)
  7 wyverns
  A yak (shapeshifter) (Vaults:1)
  A deep troll skeleton (D:15)
  52 yaks
  3 basilisks
  Eustachio (D:4)
  2 death yak simulacra (IceCv)
  3 hogs (Snake:1)
  6 vampire mosquitoes
  10 nagas
  5 wargs
  5 acid dragons
  3 hell hounds (Lair:6)
  10 water moccasins
  4 porcupines
  16 orc warriors
  A phantom (D:3)
  2 black bears
  An ettin simulacrum (Vaults:2)
  2 eyes of draining
  18 ice beasts
  3 sky beasts
  16 wolves
  An alligator simulacrum (IceCv)
  31 ogres
  12 boggarts
  5 necrophages (Lair:5)
  9 crocodiles
  13 centaurs
  6 big kobolds
  21 bullfrogs
  2 scorpions
  11 killer bees
  A vampire bat (Lair:6)
  14 wights
  5 howler monkeys
  A crimson imp (D:6)
  5 lava snakes (Lair:6)
  4 draconian simulacra (IceCv)
  A quasit (D:9)
  4 bullfrog zombies
  6 hounds
  3 bullfrog skeletons
  4 jellies
  11 orc priests
  14 orc wizards
  3 centaur skeletons
  5 iguanas
  18 worker ants
  Natasha (thrice) (D:4)
  3 spriggan simulacra (IceCv)
  4 troll simulacra (IceCv)
  A killer bee zombie (D:10)
  A centaur simulacrum (IceCv)
  A hound skeleton (D:8)
  2 hound zombies
  Robin (D:4)
  4 gnolls
  15 adders
  5 naga simulacra (IceCv)
  3 ogre simulacra (IceCv)
  A shadow imp (D:6)
  14 white imps
  3 oozes
  2 adder skeletons
  2 worms
  A dart slug (D:3)
  3 leopard geckos
  72 orcs
  A ball python (D:5)
  8 giant cockroaches
  18 goblins
  11 hobgoblins
  6 jackals
  5 quokkas
  14 bats
  5 frilled lizards
  29 kobolds
  A leopard gecko skeleton (D:4)
  4 rats
  A tentacle (Shoals:4)
1107 creatures vanquished.

Vanquished Creatures (others)
  A merfolk (Shoals:3)
  A hippogriff (D:13)
  2 humans (Snake:1)
  2 boggarts (Vaults:2)
  A wight (D:15)
  A bullfrog skeleton (D:13)
  2 orc wizards
  17 fungi
  48 plants
  3 tentacles (Shoals:4)
  11 withered plants (D:15)
89 creatures vanquished.

Grand Total: 1196 creatures vanquished

Notes
Turn   | Place    | Note
-------+----------+-------------------------------------------
     0 | D:1      | oldriver the Gargoyle Fighter began the quest for the Orb.
     0 | D:1      | Reached XP level 1. HP: 14/14 MP: 1/1
   467 | D:1      | Reached XP level 2. HP: 17/19 MP: 2/2
   996 | D:1      | Reached XP level 3. HP: 24/24 MP: 3/3
  1454 | D:1      | Reached XP level 4. HP: 25/29 MP: 4/4
  1598 | D:2      | Reached XP level 5. HP: 19/33 MP: 5/5
  2275 | D:2      | Found a white marble altar of Elyvilon.
  2811 | D:3      | Found a faded altar of an unknown god.
  2894 | D:3      | Reached XP level 6. HP: 39/39 MP: 6/6
  3176 | D:3      | Found an opulent altar of Gozag.
  3343 | D:4      | Noticed Natasha
  3344 | D:4      | Noticed a phantom
  3351 | D:4      | Killed Natasha
  3392 | D:3      | Killed a phantom
  3392 | D:3      | Reached skill level 5 in Maces & Flails
  3392 | D:3      | Reached skill level 4 in Shields
  3582 | D:4      | Noticed Natasha
  3596 | D:4      | Killed Natasha
  3596 | D:4      | Reached skill level 1 in Dodging
  3686 | D:4      | Reached XP level 7. HP: 24/44 MP: 7/7
  3903 | D:4      | Reached skill level 5 in Fighting
  4153 | D:4      | Noticed Robin
  4154 | D:4      | Noticed Eustachio
  4343 | D:4      | Found a staircase to the Ecumenical Temple.
  4352 | Temple   | Entered the Ecumenical Temple
  4558 | Temple   | Became a worshipper of Qazlal Stormbringer
  4585 | D:4      | Killed Robin
  4749 | D:4      | Noticed Natasha
  4761 | D:4      | Killed Eustachio
  4761 | D:4      | Reached XP level 8. HP: 46/50 MP: 8/8
  4772 | D:4      | Killed Natasha
  5035 | D:5      | Entered Level 5 of the Dungeon
  5099 | D:5      | Noticed a wyvern
  5121 | D:5      | HP: 2/50 [wyvern (14)]
  5123 | D:5      | Killed a wyvern
  5985 | D:5      | Reached skill level 5 in Shields
  6064 | D:6      | Reached skill level 5 in Armour
  6068 | D:6      | Reached * piety under Qazlal
  6292 | D:6      | Reached XP level 9. HP: 55/55 MP: 9/9
  6353 | D:6      | Found a radiant altar of Vehumet.
  6354 | D:6      | Found a burning altar of Makhleb.
  6735 | D:7      | Found a hide-covered altar of Uskayaw.
  6735 | D:7      | Found a glowing silver altar of Zin.
  6743 | D:7      | Found a shimmering blue altar of Sif Muna.
  6746 | D:7      | Found a basalt altar of Yredelemnul.
  6949 | D:7      | Reached ** piety under Qazlal
  7079 | D:7      | Found an opulent altar of Gozag.
  7501 | D:8      | Reached skill level 10 in Maces & Flails
  7520 | D:8      | Reached skill level 6 in Shields
  7662 | D:8      | Reached XP level 10. HP: 54/64 MP: 10/10
  8046 | D:8      | Found a shadowy altar of Dithmenos.
  8277 | D:9      | Reached *** piety under Qazlal
  8297 | D:9      | Reached skill level 7 in Shields
  8391 | D:9      | Found Qaosia's Armour Boutique.
  8416 | D:9      | Found Zazxun's Book Shop.
  8437 | D:9      | Found Peodol's Assorted Antiques.
  8445 | D:9      | Bought a scroll labeled FUEBOH ECKOD for 28 gold pieces
  8445 | D:9      | Bought a fuming coppery potion for 25 gold pieces
  8445 | D:9      | Bought a scroll labeled RAAMOQ KOFRAPUSK for 28 gold pieces
  8486 | D:9      | Found Guet's General Store.
  8495 | D:9      | Bought a +1 chain mail of magic resistance for 280 gold
                  | pieces
  8495 | D:9      | Bought a potion of heal wounds for 85 gold pieces
  8554 | D:9      | Found a staircase to the Orcish Mines.
  8635 | D:9      | Found Cuumpix's Antique Armour Shop.
  8710 | D:10     | Entered Level 10 of the Dungeon
  8712 | D:10     | Noticed a cyan ugly thing
  8716 | D:10     | Noticed Harold
  8757 | Orc:1    | Entered Level 1 of the Orcish Mines
  8757 | Orc:1    | Noticed an orc knight
  8762 | Orc:1    | Noticed a two-headed ogre
  8807 | D:9      | Killed an orc knight
  8866 | D:9      | Killed a two-headed ogre
  8897 | Orc:1    | Reached skill level 8 in Shields
  8907 | Orc:1    | Noticed a stone giant
  8929 | Orc:1    | Killed a stone giant
  8929 | Orc:1    | Reached XP level 11. HP: 18/71 MP: 11/11
  9048 | Orc:1    | Found Weycaywk's Antique Armour Shop.
  9323 | D:9      | Killed a cyan ugly thing
  9463 | D:10     | Killed Harold
  9625 | D:10     | Noticed a cyclops
  9649 | D:10     | Killed a cyclops
  9649 | D:10     | Reached skill level 10 in Fighting
  9713 | D:10     | Reached **** piety under Qazlal
  9870 | D:10     | Noticed Erolcha
  9891 | D:10     | Killed Erolcha
  9891 | D:10     | Reached skill level 9 in Shields
  9905 | D:10     | Noticed Maggie
  9926 | D:10     | Killed Maggie
 10364 | D:11     | Found a runed translucent door.
 10365 | D:11     | Found a shimmering altar of Xom.
 10365 | D:11     | Noticed djmy96's ghost (novice FoFi)
 10366 | D:11     | Noticed a +2 flail of chaos
 10479 | D:11     | Noticed Nergalle
 10483 | D:11     | Reached XP level 12. HP: 78/78 MP: 12/12
 10490 | D:11     | Killed Nergalle
 10504 | D:11     | Found a staircase to the Lair.
 11234 | Orc:1    | Bought a polished chain mail for 304 gold pieces
 11247 | Orc:1    | Identified the cursed +0 chain mail of Cigeotz {-Cast rElec
                  | Slay-6 Stlth+} (You bought it in a shop on level 1 of the
                  | Orcish Mines)
 11266 | Orc:2    | Entered Level 2 of the Orcish Mines
 11278 | Orc:2    | Paralysed by an orc sorcerer for 6 turns
 11338 | Orc:2    | Reached ***** piety under Qazlal
 11457 | Orc:2    | Noticed a two-headed ogre
 11474 | Orc:2    | Killed a two-headed ogre
 11574 | Orc:2    | Noticed a two-headed ogre
 11597 | Orc:1    | Killed a two-headed ogre
 11614 | Orc:2    | Noticed a two-headed ogre
 11619 | Orc:2    | Killed a two-headed ogre
 11720 | Orc:2    | Noticed a two-headed ogre
 11721 | Orc:2    | Noticed a two-headed ogre
 11734 | Orc:2    | Killed a two-headed ogre
 11734 | Orc:2    | Reached skill level 10 in Shields
 11761 | Orc:2    | Killed a two-headed ogre
 11804 | Orc:2    | Noticed a two-headed ogre
 11805 | Orc:2    | Noticed an ogre mage
 11816 | Orc:2    | Noticed a two-headed ogre
 11821 | Orc:2    | Killed a two-headed ogre
 11827 | Orc:2    | Killed a two-headed ogre
 11830 | Orc:2    | Killed an ogre mage
 11864 | Orc:2    | Noticed a two-headed ogre
 11871 | Orc:2    | Killed a two-headed ogre
 11871 | Orc:2    | Reached XP level 13. HP: 73/84 MP: 13/13
 12038 | Orc:2    | Found a roughly hewn altar of Beogh.
 12197 | Orc:2    | Found Rudofeb's Weapon Shoppe.
 12197 | Orc:2    | Found Koonna Bivoa's Jewellery Shop.
 12209 | Orc:2    | Found Piti's General Store.
 12209 | Orc:2    | Found Nezearr's Assorted Antiques.
 12209 | Orc:2    | Noticed Josephine
 12222 | Orc:2    | Killed Josephine
 12222 | Orc:2    | Reached skill level 15 in Maces & Flails
 12238 | Orc:2    | Reached skill level 11 in Shields
 12267 | Orc:2    | Reached skill level 1 in Stealth
 12462 | Orc:2    | Found a staircase to the Elven Halls.
 12691 | D:12     | Noticed Snorg
 12710 | D:12     | Killed Snorg
 12727 | D:12     | Noticed Maurice
 12749 | D:12     | Noticed Fannar
 12754 | D:12     | Killed Maurice
 12775 | D:12     | Noticed Nessos
 12797 | D:12     | Killed Nessos
 12946 | D:12     | Found a shimmering blue altar of Sif Muna.
 13154 | D:12     | Killed Fannar
 13569 | Orc:1    | Bought a pair of runed gloves for 240 gold pieces
 13812 | D:7      | Got a slimy mace
 13813 | D:7      | Identified the +9 mace "Zuag" {vorpal, rC- Int+7} (You
                  | found it on level 7 of the Dungeon)
 13924 | Lair:1   | Entered Level 1 of the Lair of Beasts
 14021 | Lair:1   | Reached ****** piety under Qazlal
 14062 | Lair:1   | Gained mutation: Your large and strong wings let you fly
                  | indefinitely. [Gargoyle growth]
 14062 | Lair:1   | Reached XP level 14. HP: 78/94 MP: 14/14
 14645 | Lair:2   | Reached skill level 12 in Shields
 15295 | Lair:3   | Found a staircase to the Snake Pit.
 15793 | Lair:3   | Found a staircase to the Shoals.
 16421 | Lair:4   | Noticed Sonja
 16439 | Lair:4   | Killed Sonja
 16756 | Lair:4   | Found the +8 whip "Snakebite" {curare, rPois}
 17129 | Lair:5   | Reached skill level 13 in Shields
 17302 | Lair:5   | Found a viscous altar of Jiyva.
 17303 | Lair:5   | Found a staircase to the Slime Pits.
 17611 | Lair:5   | Found the +12 Vampire's Tooth {vamp}
 17732 | Lair:6   | Entered Level 6 of the Lair of Beasts
 17902 | Lair:5   | Reached XP level 15. HP: 77/100 MP: 15/15
 18239 | Lair:6   | Reached skill level 14 in Shields
 18644 | Lair:6   | Found a large runed translucent door.
 18647 | Lair:6   | Found a large runed translucent door.
 19484 | Orc:1    | Bought a fine plate armour for 896 gold pieces
 19497 | Orc:1    | Identified the +6 plate armour of Mumblety Peg {MR+ Dex+6
                  | Stlth+} (You bought it in a shop on level 1 of the Orcish
                  | Mines)
 19737 | D:13     | Found a gate to the Vaults.
 19795 | D:13     | Found a frozen archway.
 19840 | IceCv    | Entered an ice cave
 20006 | IceCv    | Found the +3 sling "Punk" {acid, rCorr}
 20106 | IceCv    | Found an ancient bone altar of Kikubaaqudgha.
 21259 | D:13     | Reached skill level 15 in Shields
 21386 | D:14     | Reached skill level 15 in Fighting
 21479 | D:14     | Reached XP level 16. HP: 108/108 MP: 16/16
 21700 | D:14     | Found a broken altar of Ashenzari.
 21725 | D:14     | Found a blossoming altar of Fedhas.
 21892 | D:15     | Entered Level 15 of the Dungeon
 22503 | Shoals:1 | Entered Level 1 of the Shoals
 22591 | Shoals:1 | Found a hazy altar of Hepliaklqana.
 23594 | Shoals:2 | Reached skill level 10 in Armour
 23613 | Shoals:2 | Reached skill level 16 in Shields
 24213 | Shoals:3 | Noticed Ilsuiw
 24299 | Shoals:3 | Killed Ilsuiw
 24575 | Shoals:3 | Found Xooruahi's Antique Armour Shop.
 25145 | Shoals:4 | Entered Level 4 of the Shoals
 25168 | Shoals:4 | Noticed Polyphemus
 25181 | Shoals:4 | Found Meerosal's Gadget Emporium.
 25444 | Snake:1  | Entered Level 1 of the Snake Pit
 25495 | Snake:1  | Noticed Kirke
 25512 | Snake:1  | Noticed a sphinx
 25532 | Snake:1  | Killed Kirke
 25830 | Snake:1  | Found Ytuo's Distillery.
 25896 | Snake:1  | Identified Roxanne's Almanac of Transmutation
 25896 | Snake:1  | Noticed Roxanne
 25964 | Snake:1  | Killed Roxanne
 26087 | Snake:2  | Noticed a nagaraja
 26100 | Snake:1  | Reached XP level 17. HP: 87/115 MP: 17/17
 26192 | Snake:1  | Reached skill level 17 in Shields
 26838 | D:14     | Reached skill level 5 in Dodging
 27053 | D:15     | Found a staircase to the Depths.
 28271 | Shoals:4 | Reached skill level 18 in Shields
 28344 | Shoals:4 | Identified the +1 quarterstaff of Meddaomu {elec, MP+9
                  | Int+4}
 28525 | Shoals:4 | Killed Polyphemus
 28722 | Shoals:4 | Reached XP level 18. HP: 110/122 MP: 18/18
 28934 | Shoals:4 | Got a barnacled rune of Zot
 29785 | Depths:1 | Entered Level 1 of the Depths
 29849 | Vaults:1 | Entered Level 1 of the Vaults
 30144 | Vaults:1 | Identified the +0 leather armour of the Stone Wall {rN+
                  | SInv}
 30698 | Vaults:1 | Reached skill level 19 in Shields
 32011 | Vaults:2 | Reached XP level 19. HP: 129/129 MP: 19/19
 32154 | Vaults:2 | Reached skill level 1 in Invocations
 32634 | Vaults:3 | Found a staircase to the Crypt.
 33054 | Vaults:3 | Paralysed by an orc sorcerer for 4 turns
 33085 | Vaults:3 | Found a ruined gateway.
 33091 | Desolati | Entered the Desolation of Salt
 33110 | Desolati | Identified the Compendium of Scorching Weightlessness
 33114 | Desolati | Got a pitted brass ring
 33237 | Desolati | Got a pitted morningstar
 33242 | Desolati | Got a shimmering lead ring
 33247 | Desolati | Got a shimmering morningstar
 33290 | Vaults:3 | HP: 3/130 [saltling (11)]
 33291 | Vaults:3 | Slain by an imperial myrmidon

Illustrated notes

Levels and vault maps discovered:
D:1:      dpeg_arrival_boxes_within_box, layout_loops_corners
D:2:      cheibrodos_pilgrimage, layout_basic, elyvilon_altar_1,
          kennysheep_generic_room_10
D:3:      layout_loops_ring, chequers_ecumenical_altar_twisty,
          minmay_misc_feat_nine_boxes, grunt_gozag_breadcrumbs
D:4:      minmay_recursive_quarters, layout_gridville,
          minmay_temple_entry_arrows, minmay_box_of_dots, uniq_robin,
          uniq_natasha, uniq_eustachio
D:5:      cheibrodos_thug_alley, layout_basic
D:6:      layout_basic, grunt_temple_overflow_lords_of_destruction
D:7:      layout_cave_pods, minitemple, lemuel_tele_altar
D:8:      layout_loops_corners, nicolae_dithmenos_through_a_glass_darkly
D:9:      layout_rooms, orc_0_dummy, serial_curves, eino_curves_02,
          eino_curves_04, serial_shops, shop, nicolae_shop_crystal, shop, shop,
          nicolae_shop_crystal
D:10:     layout_loops_ring, uniq_erolcha, uniq_maggie, uniq_harold
D:11:     layout_cave_pods, lair_entry_dummy, serial_glass, glass_columns_a,
          glass_columns_b, ebering_ghost_xom, uniq_nergalle
D:12:     layout_rooms, led_sif_book, uniq_snorg, uniq_nessos, uniq_maurice,
          uniq_fannar
D:13:     layout_cave_pods, skrybe_vaults_entry_preservation,
          portal_ice_cave_entry_ice_beasts
D:14:     layout_cave_pools, nicolae_ashenzari_panopticon, fedhas_altar_2
D:15:     gammafunk_depths_entry_grave, layout_small_grid
Temple:   eino_temple_water
Lair:1:   layout_chaotic_city
Lair:2:   layout_regular_city, lemuel_fruit_tree
Lair:3:   layout_regular_city, minmay_shoals_entry_lonely_mermaid,
          minmay_snake_entry_guardpost_small, beast_lair_carwin_11
Lair:4:   minmay_guarded_unrand_snakebite, layout_loops_ring, uniq_sonja
Lair:5:   layout_loops_ring, slime_altar_1, chequers_serial_rivers_room_a,
          roderic_carrion_pond, grunt_megastairs_4, infiniplex_staircase_pool_2
Lair:6:   cheibrodos_lair_end_hotspot, layout_regular_city, roderic_batcave,
          minivault_19, st_stairs_4
Shoals:1: layout_shoals, lemuel_oklob_altar
Shoals:2: layout_shoals
Shoals:3: layout_shoals, serial_shops, shop, uniq_ilsuiw
Shoals:4: shoals_end_grunt_ice, layout_shoals, serial_shops, shop,
          uniq_polyphemus
Snake:1:  layout_basic, serial_shops, shop_fountains, uniq_roxanne, uniq_kirke
Snake:2:  layout_rooms, serial_bayou_shore_b, serial_bayou_shore_a
Orc:1:    orc_temple, layout_caves, serial_shops, nicolae_shop_behind_doors,
          hangedman_minor_magic, uniq_urug
Orc:2:    st_orc_ogre_mass, layout_caves, nicolae_orc_flooded_monolith,
          minmay_orc_temple_a, uniq_josephine
Vaults:1: vaults_mumra_hex, nicolae_vaults_what_the_h, v_misc_29,
          grunt_vaults_hallway_short, vaults_dpeg_encased_lava, v_misc_19,
          ontoclasm_vaults_eye, v_pattern_4, v_rooms_3, st_check,
          vaults_dpeg_ring, nicolae_vaults_little_ls, vaults_dpeg_diagonal,
          ontoclasm_vaults_twist, layout_vaults_ring
Vaults:2: hangedman_vaults_nails, ontoclasm_vaults_ring_large,
          vaults_dpeg_hooks, v_rooms_2, hangedman_vaults_nodes,
          nicolae_vaults_network_star, v_misc_15, v_rooms_5,
          nicolae_vaults_little_squares_6, v_pattern_2, ontoclasm_vaults_idyll,
          grunt_vaults_hallway_short, ontoclasm_vaults_decontamination,
          ontoclasm_vaults_misaligned, ontoclasm_vaults_fault,
          layout_vaults_omnibox
Vaults:3: vaults_mumra_hexcomb, v_alt_pattern_3,
          minmay_crypt_entry_simple_sparse, nicolae_vaults_little_squares_5,
          v_misc_26, v_misc_33, hangedman_vaults_nails, vaults_standard_mumra_x,
          v_misc_29, layout_vaults_omnicross, portal_desolation_entry_ruin,
          serial_shops, shop
Depths:1: layout_forbidden_donut, hell_entry, rand_demon_pan_entry_4,
          statue_in_the_mist_lemuel, serial_bayou_lagoon_b, grunt_megastairs_2,
          minmay_shop_grove, uniq_mara

Skill      XL: |  1  2  3  4  5  6  7  8  9 10 11 12 13 14 15 16 17 18 19 |
---------------+----------------------------------------------------------+-----
Fighting       | 4 5 6 8 9 10 11 13 14 15 16 17 | 17.9
Maces & Flails | 3 4 5 6 8 10 11 13 14 15 16 17 18 | 18.5
Shields        | 4 5 6 8 9 10 11 13 15 16 18 19 | 19.9
Dodging        | 1 2 3 4 5 |  5.2
Armour         | 4 5 6 7 8 9 10 11 | 11.7
Stealth        | 1 2 |  2.4
Invocations    | 3 |  3.3
Evocations     | |  0.3

Action                   |  1- 3 |  4- 6 |  7- 9 | 10-12 | 13-15 | 16-18 | 19-21 || total
-------------------------+-------+-------+-------+-------+-------+-------+-------++-------
Melee: Flail             |    92 |   255 |   437 |   721 |   292 |       |       ||  1797
       Mace              |       |       |       |       |  1156 |  1210 |       ||  2366
       Whip              |       |       |       |       |       |   734 |   359 ||  1093
Invok: Upheaval          |       |       |       |       |       |     2 |       ||     2
 Abil: Evoke Invisibilit |       |       |       |       |     1 |       |       ||     1
       Fly               |       |       |       |       |       |     1 |       ||     1
  Use: Scroll            |       |     4 |       |     1 |    13 |    13 |     7 ||    38
       Potion            |       |       |     8 |       |       |     6 |     2 ||    16
Armor: Scale mail        |    45 |   104 |   109 |       |       |       |       ||   258
       Chain mail        |       |       |   100 |   215 |   328 |       |       ||   643
       Plate armour      |       |       |       |       |   140 |   878 |   198 ||  1216
Dodge: Dodged            |    21 |    90 |   133 |   128 |   266 |   398 |   103 ||  1139
       Repelled          |       |       |       |     2 |    15 |    25 |     3 ||    45
Block: Kite shield       |    56 |   119 |   259 |   425 |  1372 |  1967 |   485 ||  4683

Table legend: (Time is in decaauts)
 A = Elapsed time spent in this place.
 B = Non-inter-level travel time spent in this place.
 C = Inter-level travel time spent in this place.
 D = Time resting spent in this place.
 E = Time spent auto-exploring this place.
 F = Levels seen in this place.
 G = Mean time per level.
                   A        B        C        D        E       F      G
               +--------+--------+--------+--------+--------+-----+--------+
         Total |  32103 |  28806 |   3297 |   3853 |  17340 |  36 |  891.8 |
       Dungeon |  15311 |  13514 |   1797 |   2056 |   8221 |  15 | 1020.7 |
        Temple |    220 |    199 |     21 |      0 |    177 |   1 |  220.0 |
          Lair |   5806 |   4979 |    827 |    322 |   3719 |   6 |  967.7 |
        Shoals |   4335 |   4001 |    334 |    694 |   2313 |   4 | 1083.8 |
     Snake Pit |   1153 |   1032 |    121 |    244 |    413 |   2 |  576.5 |
  Orcish Mines |   1769 |   1653 |    116 |    316 |    660 |   2 |  884.5 |
        Vaults |   2748 |   2669 |     79 |    221 |   1590 |   3 |  916.0 |
        Depths |     10 |     10 |      0 |      0 |      0 |   1 |   10.0 |
      Ice Cave |    597 |    597 |      0 |      0 |    243 |   1 |  597.0 |
    Desolation |    149 |    149 |      0 |      0 |      3 |   1 |  149.0 |
               +--------+--------+--------+--------+--------+-----+--------+

Top non-repeatable levels by time:
Shoals:3: 1434 daAuts
     D:1: 1396 daAuts
     D:4: 1392 daAuts
Vaults:2: 1374 daAuts
  Lair:6: 1367 daAuts
    D:11: 1225 daAuts
Shoals:4: 1185 daAuts
Vaults:1: 1169 daAuts
   Orc:2: 1154 daAuts
    D:14: 1139 daAuts
     D:3: 1137 daAuts
    D:10: 1096 daAuts
  Lair:3: 1083 daAuts
    D:13: 1074 daAuts
  Lair:4: 1041 daAuts
